 Dungeon Crawl Stone Soup version 0.26.0-57-g60708a5e39 (webtiles) character file.

Game seed: 6010450474931822409

24465 Gadfly the Cleaver (level 13, -1/101 HPs)
             Began as a Formicid Abyssal Knight on Feb 1, 2021.
             Was the Champion of Lugonu.
             Slain by a six-headed hydra (2 damage)
             ... on level 4 of the Lair of Beasts.
             The game lasted 00:28:17 (12818 turns).

Gadfly the Cleaver (Formicid Abyssal Knight)       Turns: 12818, Time: 00:28:17

Health: -1/101     AC: 20    Str: 20    XL:     13   Next: 43%
Magic:  19/20      EV:  7    Int: 13    God:    Lugonu [******]
Gold:   814        SH:  6    Dex: 11    Spells: 12/12 levels left

rFire    + . .     SeeInvis +   z - +0 flail (drain)
rCold    . . .     Faith    .   E - +0 buckler
rNeg     . . .     Spirit   .   r - +0 plate armour
rPois    +         Reflect  .   (helmet unavailable)
rElec    .         Harm     .   B - +0 cloak {rCorr}
rCorr    +         Rampage  .   j - +1 pair of gloves
Will     +....                  (no boots)
Stlth    ..........             g - amulet of regeneration
HPRegen  0.66/turn              t - ring of protection from fire
MPRegen  0.17/turn              x - ring of poison resistance

@: no status effects
A: permanent stasis, dig shafts and tunnels, four strong arms, antennae 3,
talons 1, thin metallic scales 1, sense surroundings 1, wild magic 1
a: Dig, Shaft Self, Renounce Religion, Depart the Abyss, Bend Space, Banish,
Corrupt, Enter the Abyss, Brand Weapon With Distortion


You were on level 4 of the Lair of Beasts.
You worshipped Lugonu.
Lugonu was exalted by your worship.
You visited 2 branches of the dungeon, and saw 13 of its levels.
You visited the Abyss 1 time.
You also visited: Ossuary.

You collected 814 gold pieces.

Inventory:

Hand Weapons
 a - a +1 vampiric war axe
 b - a +1 hand axe of electrocution
 e - a +0 battleaxe
 z - a +0 flail of draining (weapon)
Armour
 j - a +1 pair of gloves (worn)
 n - a +2 cloak of poison resistance
 r - a +0 plate armour (worn)
 B - a +0 cloak of preservation (worn)
 E - a +0 buckler (worn)
Jewellery
 g - an amulet of regeneration (around neck)
 t - a ring of protection from fire (left hand)
 x - a ring of poison resistance (right hand)
Wands
 c - a wand of iceblast (2)
 k - a wand of disintegration (35)
 y - a wand of flame (68) (quivered)
 D - a wand of paralysis (12)
 F - a wand of random effects (21)
Scrolls
 h - 3 scrolls of enchant armour
 l - 2 scrolls of enchant weapon
 q - 3 scrolls of magic mapping
 v - 7 scrolls of identify
 A - 4 scrolls of summoning
Potions
 d - a potion of mutation
 f - 4 potions of flight
 m - 3 potions of heal wounds
 o - 12 potions of curing
 s - 2 potions of cancellation
 u - 4 potions of resistance
 C - a potion of might
 G - a potion of brilliance {unknown}
Miscellaneous
 p - a lightning rod (4/4)
 w - a condenser vane


   Skills:
 + Level 9.5 Fighting
 * Level 11.4 Axes
 + Level 10.2 Armour
 - Level 0.8 Dodging
 + Level 10.1 Shields
 + Level 10.2 Invocations
 + Level 10.0 Evocations


You had 12 spell levels left.
You didn't know any spells.
Your spell library contained the following spells:

 Spells                   Type           Power        Failure   Level
 Corona                   Hex            0%           99%         1
 Ensorcelled Hibernation  Hex/Ice        0%           100%        2
 Confusing Touch          Hex            0%           100%        3
 Dazzling Flash           Conj/Hex       0%           100%        3
 Tukima's Dance           Hex            0%           100%        3


Dungeon Overview and Level Annotations

Branches:
Dungeon (9/15)             Temple (0/1) D:7            Lair (4/6) D:8
 Shoals (0/4) Lair:3       Spider (0/4) Lair:2          Orc (0/2) D:9
Ossuary (visited)

Altars:
Dithmenos
Elyvilon
Gozag
Hepliaklqana
Nemelex Xobeh
Ru
Uskayaw
Xom
Zin


Innate Abilities, Weirdness & Mutations

You cannot be hasted, slowed, berserked, paralysed or teleported.
You can dig through walls and to a lower floor.
Your four strong arms can wield two-handed weapons with a shield.
You have a pair of large antennae on your head. (SInv)
You have sharp toenails.
You are partially covered in thin metallic scales. (AC +2)
You passively map a small area around you.
Your spells are a little harder to cast, but a little more powerful.


Message History

The six-headed hydra bites you but does no damage.
The six-headed hydra bites you. x2
* * * LOW HITPOINT WARNING * * *
The six-headed hydra bites you!
* * * LOW HITPOINT WARNING * * *
You sock the six-headed hydra!
The six-headed hydra is severely wounded.
The six-headed hydra bites you but does no damage.
You block the six-headed hydra's attack.
The six-headed hydra bites you!
* * * LOW HITPOINT WARNING * * *
You block the six-headed hydra's attack. x2
The six-headed hydra bites you.
* * * LOW HITPOINT WARNING * * *
Space bends around you!
You blink.
The six-headed hydra bites you.
* * * LOW HITPOINT WARNING * * *
The six-headed hydra bites you!
* * * LOW HITPOINT WARNING * * *
The six-headed hydra bites you.
You die...

.........##...#.......######....#
.......##.#............#...##...#
...........................(.....
..#############...#############..
..#♣♣.♣♣ ♣♣♣♣♣♣...♣♣♣♣♣♣♣.....#.P
#.#♣...♣♣♣.♣.♣.≈≈≈.♣.♣.♣♣♣...♣#(.
..#............≈≈≈§.......♣.♣.#..
..#♣...♣#♣.♣.♣.≈D≈.♣.♣.♣♣♣...♣#..
♣♣.♣♣ ♣♣♣♣♣♣.@.♣♣♣♣♣♣♣.....#..
###.####### #############.###..
#.....#...####........#♣♣.♣♣#..
,#.♣♣♣.#.♣.'..######.♣.#♣...♣#..
,#.♣ ♣...♣.#..?'...#.♣.......#..
,,#.♣♣♣†#.♣.######.÷÷.♣.#♣...♣#.#
, #.....#........####...#♣♣.♣♣#.#
###.############# ##### #.#*#..
♣♣.♣♣ ♣♣........ , ♣.♣ #.#


You could see a six-headed hydra.

Vanquished Creatures
  2 hydras (Lair:4)
  Pikel (D:8)
  A wolf spider (Lair:4)
  An elephant (Lair:4)
  2 black mambas
  8 cane toads
  3 komodo dragons
  A rime drake (Lair:4)
  A troll (D:9)
  A polar bear (Lair:2)
  2 hornets (D:8)
  9 blink frogs
  4 dream sheep (Lair:4)
  2 wyverns
  Sigmund (D:3)
  29 yaks
  A basilisk (Lair:4)
  7 wargs
  Edmund (D:6)
  13 water moccasins
  2 ice beasts
  2 orc warriors
  2 black bears
  4 sky beasts
  An ogre (D:8)
  2 phantoms
  12 wolves
  7 centaurs
  A lemure (D:8)
  A gnoll sergeant (D:7)
  13 bullfrogs
  5 scorpions
  10 killer bees (D:9)
  5 howler monkeys
  A centaur zombie (D:6)
  3 hounds
  A jelly (D:8)
  A quasit (Abyss:1)
  A bullfrog skeleton (D:4)
  7 orc priests
  Crazy Yiuf (D:3)
  3 iguanas
  A centaur skeleton (D:3)
  Ijyb (D:3)
  Terence (D:3)
  4 hell rats (Lair:3)
  6 orc wizards
  11 worker ants
  2 big kobold zombies (Ossuary)
  2 hound zombies
  2 mummies (Ossuary)
  2 worker ant zombies
  6 gnolls
  11 adders
  2 shadow imps
  A white imp (D:6)
  2 ufetubi
  6 adder zombies
  2 adder skeletons
  2 worms (D:2)
  A dart slug (D:2)
  6 leopard geckos
  39 orcs
  4 ball pythons
  10 bats
  8 giant cockroaches
  3 gnoll zombies (Ossuary)
  10 goblins
  11 hobgoblins
  5 jackals
  7 kobolds
  9 quokkas
  5 frilled lizards
  2 hobgoblin zombies (Ossuary)
  A jackal skeleton (D:5)
  6 kobold zombies (Ossuary)
  A leopard gecko skeleton (D:8)
  A leopard gecko zombie (D:9)
  11 orc zombies (Ossuary)
  A quokka skeleton (D:5)
  13 rats
393 creatures vanquished.

Vanquished Creatures (collateral kills)
  A bullfrog (Lair:4)
1 creature vanquished.

Vanquished Creatures (others)
  12 fungi
  22 plants
34 creatures vanquished.

Grand Total: 428 creatures vanquished

Notes
Turn   | Place    | Note
-------+----------+-------------------------------------------
     0 | Abyss:1  | Gadfly the Formicid Abyssal Knight began the quest for the
                  | Orb.
     0 | Abyss:1  | Reached XP level 1. HP: 18/18 MP: 2/2
   136 | Abyss:1  | Noticed a green draconian shifter
   146 | Abyss:1  | Noticed a large abomination
   168 | Abyss:1  | Noticed a quasit
   184 | Abyss:1  | Killed a quasit
   185 | Abyss:1  | Reached skill level 1 in Evocations
   185 | Abyss:1  | Reached XP level 2. HP: 21/24 MP: 4/4
   185 | Abyss:1  | Reached XP level 3. HP: 26/29 MP: 5/5
   185 | D:1      | Escaped the Abyss
   338 | D:1      | Reached * piety under Lugonu
   488 | D:1      | Reached XP level 4. HP: 35/35 MP: 6/6
  1081 | D:2      | Reached ** piety under Lugonu
  1227 | D:2      | Reached XP level 5. HP: 41/42 MP: 7/7
  1235 | D:2      | Found a faded altar of an unknown god.
  1490 | D:2      | Reached skill level 3 in Axes
  1585 | D:3      | Noticed Sigmund
  1590 | D:3      | Noticed Terence
  1899 | D:3      | Killed Terence
  1948 | D:3      | Killed Sigmund
  1949 | D:3      | Reached XP level 6. HP: 38/48 MP: 7/9
  2096 | D:3      | Reached XP level 7. HP: 18/54 MP: 10/10
  2381 | D:3      | Noticed Ijyb
  2403 | D:3      | Killed Ijyb
  2777 | D:3      | Reached skill level 4 in Axes
  2855 | D:3      | Reached *** piety under Lugonu
  2961 | D:3      | Found a runed translucent door.
  2962 | D:3      | Noticed Crazy Yiuf
  2971 | D:3      | Killed Crazy Yiuf
  3485 | D:4      | Reached skill level 1 in Shields
  3572 | D:4      | Reached skill level 5 in Invocations
  3666 | D:5      | Entered Level 5 of the Dungeon
  3723 | D:5      | Found a hide-covered altar of Uskayaw.
  3729 | D:5      | Found an opulent altar of Gozag.
  3808 | D:5      | Found a sand-covered staircase.
  3835 | Ossuary  | Entered an ossuary
  3882 | Ossuary  | Reached XP level 8. HP: 55/61 MP: 11/11
  3935 | Ossuary  | Reached **** piety under Lugonu
  4164 | D:5      | Found a shadowy altar of Dithmenos.
  4164 | D:5      | Found a sparkling altar of Nemelex Xobeh.
  4166 | D:5      | Found a glowing silver altar of Zin.
  4354 | D:5      | Reached skill level 5 in Axes
  4634 | D:5      | Reached skill level 5 in Fighting
  5085 | D:6      | Noticed Edmund
  5092 | D:6      | Reached XP level 9. HP: 64/68 MP: 13/13
  5133 | D:6      | Killed Edmund
  5260 | D:6      | Reached skill level 6 in Axes
  5329 | D:6      | Reached skill level 5 in Evocations
  5339 | D:6      | Reached skill level 5 in Armour
  5732 | D:6      | Reached skill level 8 in Axes
  5732 | D:6      | Reached XP level 10. HP: 79/79 MP: 15/15
  5838 | D:7      | Got a sapphire-encrusted scale mail
  5980 | D:7      | Reached ***** piety under Lugonu
  6172 | D:7      | Identified the +3 scale mail "Opriluh" {+Blink} (You found
                  | it on level 7 of the Dungeon)
  6221 | D:7      | Found a hazy altar of Hepliaklqana.
  6266 | D:7      | Found a staircase to the Ecumenical Temple.
  6537 | D:8      | Found a shimmering altar of Xom.
  6539 | D:8      | Found a shimmering altar of Xom.
  6550 | D:8      | Found a shimmering altar of Xom.
  6550 | D:8      | Found a shimmering altar of Xom.
  6550 | D:8      | Found a shimmering altar of Xom.
  6551 | D:8      | Found a shimmering altar of Xom.
  6652 | D:8      | Found a sacrificial altar of Ru.
  7011 | D:8      | Found a staircase to the Lair.
  7105 | D:8      | Reached XP level 11. HP: 62/84 MP: 17/17
  7301 | D:8      | Gained mutation: You evolve. [potion of mutation]
  7301 | D:8      | Gained mutation: You are partially covered in thin metallic
                  | scales. (AC +2) [potion of mutation]
  7301 | D:8      | Gained mutation: Your spells are a little harder to cast,
                  | but a little more powerful. [potion of mutation]
  7301 | D:8      | Gained mutation: You have sharp toenails. [potion of
                  | mutation]
  7308 | D:9      | Noticed Pikel
  7382 | D:8      | Killed Pikel
  7383 | D:8      | Reached skill level 9 in Axes
  7843 | D:9      | Found a staircase to the Orcish Mines.
  8068 | D:9      | Found a white marble altar of Elyvilon.
  8297 | Lair:1   | Entered Level 1 of the Lair of Beasts
  8939 | Lair:1   | Reached ****** piety under Lugonu
  9051 | Lair:1   | Reached XP level 12. HP: 92/93 MP: 18/18
  9060 | Lair:1   | Reached skill level 10 in Axes
  9572 | Lair:2   | Found a hole to the Spider Nest.
 10334 | Lair:3   | Found a staircase to the Shoals.
 10594 | Lair:3   | Gained mutation: You passively map a small area around you.
                  | [evolution]
 10594 | Lair:3   | Lost mutation: You evolve. [end of evolution]
 11045 | Lair:3   | Reached XP level 13. HP: 68/98 MP: 20/20
 11143 | Lair:3   | Reached skill level 11 in Axes
 12049 | Lair:4   | Reached skill level 10 in Armour
 12276 | Lair:4   | Noticed a six-headed hydra
 12279 | Lair:4   | Killed a six-headed hydra
 12280 | Lair:4   | Reached skill level 10 in Invocations
 12444 | Lair:4   | Noticed a four-headed hydra
 12454 | Lair:4   | Reached skill level 10 in Shields
 12491 | Lair:4   | Killed a four-headed hydra
 12492 | Lair:4   | Reached skill level 10 in Evocations
 12745 | Lair:4   | Noticed a four-headed hydra
 12818 | Lair:4   | HP: 1/101 [six-headed hydra (9)]
 12818 | Lair:4   | Slain by a six-headed hydra

Illustrated notes

Levels and vault maps discovered:
D:1:      dpeg_arrival_chambers_temple_mockup, layout_loops_ring
D:2:      layout_rooms, chequers_ecumenical_altar_island
D:3:      layout_loops_ring, uniq_crazy_yiuf_cottage, uniq_ijyb, uniq_sigmund,
          uniq_terence
D:4:      layout_rooms, kennysheep_generic_room_16
D:5:      layout_basic, minitemple, grunt_temple_overflow_open,
          nicolae_ossuary_entry_false_entrances
D:6:      layout_loops_corners, uniq_edmund
D:7:      layout_loops_ring, nzn_hepliaklqana_mist_gate,
          minmay_temple_entry_tees, lightli_corner_chamber
D:8:      layout_basic, general_overflow_altar, erik_lair_orcish_takeover,
          xom_redecorated
D:9:      layout_rooms, elyvilon_altar_1, minmay_orc_entry_guard_dogs,
          uniq_pikel
Lair:1:   layout_small_grid, cheibrodos_lair_caveside_slide, minivault_26
Lair:2:   layout_regular_city, dummy_spider_entry, beast_lair_carwin_2
Lair:3:   layout_layer_cave, minmay_shoals_entry_centaurs
Lair:4:   nzn_winding_woodlands_medium [nzn_winding_woodlands_5x5_checkerboard,
          nzn_winding_woodlands_5x15_longhouse,
          nzn_winding_woodlands_5x5_closed_star,
          nzn_winding_woodlands_5x5_default, nzn_winding_woodlands_center_lodge,
          nzn_winding_woodlands_5x5_perimeter, nzn_winding_woodlands_hourglass,
          nzn_winding_woodlands_5x15_pool, nzn_winding_woodlands_5x5_open_star],
          layout_layer_cave

Skill      XL: |  1  2  3  4  5  6  7  8  9 10 11 12 13 |
---------------+----------------------------------------+-----
Evocations     | 1 2 3 4 8 9 10 | 10.0
Invocations    | 3 4 5 7 8 9 10 | 10.2
Armour         | 3 4 6 7 8 9 10 | 10.2
Axes           | 3 4 5 8 9 10 11 | 11.4
Fighting       | 4 5 7 8 9 |  9.5
Shields        | 1 3 7 8 9 10 | 10.1
Dodging        | |  0.8

Action                   |  1- 3 |  4- 6 |  7- 9 | 10-12 | 13-15 || total
-------------------------+-------+-------+-------+-------+-------++-------
Melee: Hand axe          |    48 |   184 |   151 |   755 |   114 ||  1252
       War axe           |       |       |   121 |    19 |       ||   140
       Quarterstaff      |       |       |   102 |       |       ||   102
       Kick              |       |       |       |   129 |    34 ||   163
       Flail             |       |       |       |       |     5 ||     5
Invok: Depart the Abyss  |     1 |       |       |       |       ||     1
       Bend Space        |       |       |     1 |     1 |     4 ||     6
 Abil: Dig               |       |       |     1 |       |       ||     1
Evoke: Wand              |       |       |       |     4 |    14 ||    18
  Use: Scroll            |       |     6 |     8 |     7 |       ||    21
       Potion            |       |       |     6 |     4 |       ||    10
 Stab: Petrified         |       |       |     4 |       |       ||     4
Armor: Chain mail        |    46 |   119 |    47 |       |       ||   212
       Plate armour      |       |       |   210 |   587 |    96 ||   893
Dodge: Dodged            |    23 |    84 |   117 |   264 |    32 ||   520
Block: Buckler           |       |       |       |       |    31 ||    31
